 Dungeon Crawl Stone Soup version 0.30-a0-462-gd5975efbca (webtiles) character file.

Game seed: 3026654315550714489

179 NinjaNoafa the Magician (level 5, 0/38 HPs)
             Began as a Djinni Transmuter on Dec 16, 2022.
             Slain by an iguana (12 damage)
             ... on level 4 of the Dungeon.
             The game lasted 00:05:09 (3369 turns).

NinjaNoafa the Magician (Djinni Transmuter)         Turns: 3369, Time: 00:05:10

Health: 0/38       AC:  2    Str:  9    XL:     5   Next: 90%
Gold:   231        EV: 19    Int: 17    God:
                   SH:  0    Dex: 18

rFire   . . .      SeeInvis .      - Unarmed
rCold   + . .      Faith    .    (shield currently unavailable)
rNeg    . . .      Spirit   .    (body armour currently unavailable)
rPois   ∞          Reflect  .    (helmet currently unavailable)
rElec   +          Harm     .    (cloak currently unavailable)
rCorr   .          Rampage  .    (gloves currently unavailable)
Will    +....                    (boots unavailable)
Stlth   ++........               (no amulet)
HPRegen 0.26/turn                o - ring "Veybowk" {rElec rPois rC+ Will+}
MPRegen 0.00/turn                (no ring)

@: spider-form (expiring), flying
A: venomous fangs, flying, sickness immunity, tiny, (fire resistance 2), (cold
vulnerability 1), float, innate caster, HP casting, extra vitality 1
a: End Transformation


You were on level 4 of the Dungeon.
You were a venomous arachnid creature.
You visited 1 branch of the dungeon, and saw 4 of its levels.

You collected 231 gold pieces.

Inventory:

Missiles
 c - 26 stones
 e - 5 poisoned darts
 m - 2 throwing nets
Armour
 a - a +0 robe (melded)
 h - a +0 helmet (melded)
Jewellery
 o - the ring "Veybowk" (left front leg) {rElec rPois rC+ Will+}
   (You found it on level 4 of the Dungeon)

   [ring of willpower]

   rC:        It protects you from cold.
   rElec:     It insulates you from electricity.
   rPois:     It protects you from poison.
   Will:      It increases your willpower.
Scrolls
 d - a scroll of identify {unknown}
 i - a scroll of fog {unknown}
 l - a scroll of poison {unknown}
 n - a scroll of noise {unknown}
Potions
 b - 3 potions of lignification
 f - 3 potions of curing {unknown}
 g - 2 potions of invisibility {unknown}
 j - 2 potions of heal wounds {unknown}
 k - a potion of mutation {unknown}


   Skills:
 + Level 2.0 Fighting
 - Level 2.1 Dodging
 + Level 3.1 Unarmed Combat
 * Level 3.9 Spellcasting


You couldn't memorise any spells.
You knew the following spells:

 Your Spells              Type           Power      Damage    Failure   Level
a - Beastly Appendage     Tmut           32%        N/A       11%         1
b - Wereblood             Tmut           16%        N/A       14%         2
c - Spider Form           Tmut/Pois      16%        N/A       24%         3
d - Ice Form              Ice/Tmut       16%        N/A       52%         4
e - Summon Small Mammal   Summ           64%        N/A       11%         1
f - Passwall              Tmut/Erth      13%        N/A       14%         2
Your spell library was empty.

Dungeon Overview and Level Annotations

Branches:
Dungeon (4/15)
 Temple: D:4-7

Altars:


Innate Abilities, Weirdness & Mutations

You are a venomous arachnid creature.
You have poisonous fangs.
You are tiny and dextrous.
You are flying.
Your spellcasting is less reliable in this form.
Your armour is entirely melded.
You are incapable of wielding weapons or throwing items.
You are immune to sickness and miasma.
You are immune to poison.
((Your flesh is very heat resistant. (rF++)))
((You are vulnerable to cold. (rC-)))
You float through the air rather than walking.
You learn spells naturally, not from books.
Your magical power is your life essence.
You have superior vitality. (+4 MHP)


Message History

The adder attacks as you move away! The adder barely misses you.
You kill the adder!
Your Fighting skill increases to level 2!
Your transformation is almost over.
An ufetubus comes into view.
An ufetubus is nearby!
An ufetubus is nearby!
An ufetubus is nearby!
Found a long sword.
Your transformation has ended.
Your +0 helmet unmelds from your body.
Your +0 robe unmelds from your body.
The ufetubus shouts!
Found the Reference Book on Striking.
The ufetubus hits you but does no damage.
The ufetubus hits you.
An iguana comes into view. x2
The ufetubus hits you but does no damage.
The ufetubus barely misses you.
You barely miss the ufetubus.
The iguana hisses angrily.
The ufetubus hits you. The ufetubus barely misses you.
Casting: Spider Form (dangerous; 10% risk of failure)
Confirm with . or Enter, or press ? or * to list all spells.
You turn into a venomous arachnid creature.
Your +0 helmet melds into your body.
Your +0 robe melds into your body.
The iguana hisses angrily.
The ufetubus misses you. The ufetubus completely misses you.
The ufetubus hits you but does no damage.
The ufetubus barely misses you.
You hit the ufetubus but do no damage.
The ufetubus is poisoned.
Your transformation is almost over.
The ufetubus misses you. The ufetubus hits you.
You hit the ufetubus.
The ufetubus looks as sick as possible!
The ufetubus is moderately wounded.
You kill the ufetubus!
Found a book of Flames.
You hit the iguana.
The iguana is poisoned.
The iguana is moderately wounded.
The iguana bites you! x2
You die...

......:....#
..........
.......:
......#
#####...).#
..........#
#..ll..#
####.##s#####..
...............
####.##.#####.#
#.##........
#....#####.#
#....# #....# .
#....##### .
#......... #


You could see 2 iguanas.

Vanquished Creatures
  2 iguanas (D:4)
  5 adders
  An ufetubus (D:4)
  A worm (D:1)
  A dart slug (D:4)
  2 orcs
  5 endoplasms
  4 giant cockroaches
  5 goblins
  7 hobgoblins
  3 jackals (D:2)
  6 kobolds
  5 quokkas
  7 ball pythons
  4 bats
  3 frilled lizards
  4 rats (D:1)
65 creatures vanquished.

Vanquished Creatures (collateral kills)
  An orc (D:4)
  A bat (D:3)
  A frilled lizard (D:1)
  A kobold (D:2)
  A rat (D:2)
5 creatures vanquished.

Grand Total: 70 creatures vanquished

Notes
Turn   | Place    | Note
-------+----------+-------------------------------------------
     0 | D:1      | NinjaNoafa the Djinni Transmuter began the quest for the
                  | Orb.
     0 | D:1      | NinjaNoafa set off with the following spells memorised:
                  | Beastly Appendage, Wereblood, Spider Form, Ice Form.
     0 | D:1      | Reached XP level 1. HP: 17/17 MP: 0/0
   197 | D:1      | Reached XP level 2. HP: 10/22 MP: 0/0
   844 | D:1      | Reached XP level 3. HP: 27/27 MP: 0/0
   844 | D:1      | Learned a level 1 spell: Summon Small Mammal
  1615 | D:2      | Reached XP level 4. HP: 24/32 MP: 0/0
  2902 | D:4      | Reached XP level 5. HP: 36/37 MP: 0/0
  2902 | D:4      | Learned a level 2 spell: Passwall
  3039 | D:4      | Identified the ring "Veybowk" {rElec rPois rC+ Will+}
  3369 | D:4      | Slain by an iguana

Illustrated notes

Levels and vault maps discovered:
D:1:      dpeg_arrival_rooms_b, layout_basic, minmay_misc_feat_four_crosses
D:2:      layout_rooms, minmay_crystal_room
D:3:      layout_basic
D:4:      kennysheep_big_flooded_room, layout_basic, temple_fountains,
          serial_shops, shop

Skill      XL: |  1  2  3  4  5 |
---------------+----------------+-----
Spellcasting   | 2 3 |  3.9
Fighting       | 2 |  2.0
Dodging        | |  2.1
Unarmed Combat | |  3.1

Action                   |  1- 3 |  4- 6 || total
-------------------------+-------+-------++-------
Melee: Unarmed           |   101 |    77 ||   178
       Headbutt          |    16 |    13 ||    29
       Punch             |     1 |     1 ||     2
       Staff             |       |    48 ||    48
 Cast: Beastly Appendage |    25 |    15 ||    40
       Summon Small Mamm |    16 |     9 ||    25
       Spider Form       |     1 |     8 ||     9
       Ice Form          |       |     1 ||     1
       Passwall          |       |     2 ||     2
       Wereblood         |       |     1 ||     1
 Stab: Sleeping          |     2 |     1 ||     3
Armor: Robe              |    12 |    24 ||    36
       Skin              |       |     5 ||     5
Dodge: Dodged            |    68 |   117 ||   185

Table legend: (Time is in decaauts)
 A = Elapsed time spent in this place.
 B = Non-inter-level travel time spent in this place.
 C = Inter-level travel time spent in this place.
 D = Time resting spent in this place.
 E = Time spent auto-exploring this place.
 F = Levels seen in this place.
 G = Mean time per level.
                   A        B        C        D        E       F      G
               +--------+--------+--------+--------+--------+-----+--------+
         Total |   3367 |   3242 |    125 |      0 |   2566 |   4 |  841.8 |
       Dungeon |   3367 |   3242 |    125 |      0 |   2566 |   4 |  841.8 |
               +--------+--------+--------+--------+--------+-----+--------+

Top non-repeatable levels by time:
     D:1: 1400 daAuts
     D:2: 821 daAuts
     D:3: 593 daAuts
     D:4: 552 daAuts
